 Dungeon Crawl Stone Soup version 0.22-a0-538-g76cc104 (webtiles) character file.

7809 kae the Martial Artist (level 11, -2/81 HPs)
             Began as a Demonspawn Transmuter on June 23, 2018.
             Was a High Priest of Okawaru.
             Slain by a spiny frog (10 damage)
             ... on level 1 of the Lair of Beasts.
             The game lasted 00:14:11 (13900 turns).

kae the Martial Artist (Demonspawn Transmuter)     Turns: 13900, Time: 00:14:11

Health: -2/81      AC:  9    Str: 10    XL:     11   Next: 1%
Magic:  19/19      EV: 21    Int: 16    God:    Okawaru [*****.]
Gold:   581        SH:  0    Dex: 25    Spells: 15/21 levels left

rFire    . . .     SeeInvis .   i - +1 short sword (venom)
rCold    . . .     Gourm    .   r - +2 buckler
rNeg     . . .     Faith    .   A - +0 troll leather armour
rPois    .         Spirit   .   (no helmet)
rElec    .         Reflect  .   n - scarf {cloud immunity}
rCorr    .         Harm     .   D - +0 pair of gloves
MR       +....                  v - +1 pair of boots
Stlth    +++.......             (no amulet)
HPRegen  0.63/turn              I - ring of protection from magic
MPRegen  0.16/turn              c - +5 ring of dexterity

@: confused, heroism, hasted, very quick
A: claws 2, thin skeletal structure 2, nightstalker 1, spiny 2
a: Heroism, Finesse, Renounce Religion


You were on level 1 of the Lair of Beasts.
You worshipped Okawaru.
Okawaru was extremely pleased with you.
You were not hungry.

You visited 3 branches of the dungeon, and saw 12 of its levels.
You also visited: Sewer.

You collected 581 gold pieces.

Inventory:

Hand Weapons
 i - a +1 short sword of venom (weapon)
Missiles
 a - 149 arrows
Armour
 n - a scarf of cloud immunity (worn)
 r - a +2 buckler (worn)
 v - a +1 pair of boots (worn)
 A - a +0 troll leather armour (worn)
 D - a +0 pair of gloves (worn)
Jewellery
 c - a +5 ring of dexterity (right hand)
 g - an uncursed ring of positive energy
 o - an uncursed ring of fire
 q - an uncursed amulet of harm
 H - an uncursed ring of magical power
 I - a ring of protection from magic (left hand)
Wands
 b - a wand of disintegration (8)
 G - a wand of flame (31)
Scrolls
 e - a scroll of amnesia
 f - 2 scrolls of random uselessness
 h - 4 scrolls of remove curse
 k - a scroll of magic mapping
 l - 5 scrolls of immolation
 m - 8 scrolls of teleportation
 y - 4 scrolls of identify
 J - a scroll of enchant weapon
Potions
 j - a potion of haste
 s - 4 potions of flight
 t - 3 potions of brilliance
 u - 2 potions of resistance
 w - 2 potions of might
 x - 2 potions of agility
 z - a potion of degeneration
 F - 2 potions of magic
Comestibles
 d - 24 rations


   Skills:
 + Level 6.1(11.1) Fighting
 + Level 4.0(9.0) Armour
 + Level 4.5(9.5) Dodging
 + Level 1.6(6.6) Shields
 * Level 8.4(13.4) Unarmed Combat
 + Level 5.8 Spellcasting
 * Level 8.1 Transmutations
 + Level 5.8 Invocations


You had 15 spell levels left.
You knew the following spells:

 Your Spells              Type           Power        Failure   Level  Hunger
a - Beastly Appendage     Tmut           ####..       1%          1    None
b - Sticks to Snakes      Tmut           ####....     1%          2    #......
c - Spider Form           Tmut/Pois      ###.......   10%         3    ##.....

Your spell library contained the following spells:

 Spells                   Type           Power        Failure   Level  Hunger
 Confuse                  Hex            #.......     47%         3    ##.....
 Mephitic Cloud           Conj/Pois/Air  #.......     47%         3    ##.....
 Venom Bolt               Conj/Pois      #.........   99%         5    ######.
 Olgreb's Toxic Radiance  Pois           #.......     87%         4    ####...
 Sting                    Conj/Pois      #...         19%         1    None
 Blade Hands              Tmut           ####......   19%         5    ######.
 Statue Form              Tmut/Erth      ###......    99%         6    #######
 Ice Form                 Ice/Tmut       ###.....     32%         4    ####...
 Dragon Form              Tmut           ####......   99%         7    #######
 Confusing Touch          Hex            #.....       19%         1    None
 Metabolic Englaciation   Hex/Ice        #.........   99%         5    ######.
 Petrify                  Tmut/Erth      ###.....     32%         4    ####...
 Hydra Form               Tmut           ####......   69%         6    #######
 Irradiate                Conj/Tmut      ###.......   67%         5    ######.
 Gell's Gravitas          Tloc           #.........   47%         3    ##.....
 Yara's Violent Unravell  Hex/Tmut       ###.......   67%         5    ######.
 Poisonous Vapours        Pois/Air       #.....       26%         2    #......


Dungeon Overview and Level Annotations

Branches:
Dungeon (10/15)            Temple (1/1) D:5            Lair (1/6) D:9
    Orc (0/2) D:9

Altars:
Ashenzari
Cheibriados
Dithmenos
Elyvilon
Fedhas
Gozag
Hepliaklqana
Kikubaaqudgha
Makhleb
Nemelex Xobeh
Okawaru
Qazlal
Ru
Sif Muna
Trog
Uskayaw
Vehumet
Wu Jian
Xom
Yredelemnul
Zin
The Shining One

Shops:
D:4 *

Annotations:
D:3 exclusion: phantom
D:4 exclusion: phantom
D:5 exclusion: ogre
D:10 Snorg
Lair:1 Nergalle


Innate Abilities, Weirdness & Mutations

You have very sharp fingernails.
You have a moderately thin skeletal structure. (Dex +4, Stealth+)
You are slightly more attuned to the shadows.
You are mostly covered in sharp spines.


Message History

The black mamba bites you.
* * * LOW HITPOINT WARNING * * *
You block the spiny frog's attack.
You barely miss the black mamba.
The black mamba is lightly wounded.
The black mamba bites you but does no damage.
You hit the spiny frog but do no damage.
The spiny frog is poisoned.
The spiny frog stings you but does no damage.
You block the black mamba's attack.
You are confused.
You feel invigorated.
You feel less wooden.
Your scarf of cloud immunity unmelds from your body.
Your +0 pair of gloves unmelds from your body.
Your +1 pair of boots unmelds from your body.
Your +0 troll leather armour unmelds from your body.
You feel immune to the effects of clouds.
The black mamba misses you. The spiny frog stings you!
You die...

..........♣.P.P..♣.### ##.#
.....#..P.....[...♣..### ##.#
..#.#♣.................####.###
..#...♣.P.............##...##.#
.###.♣P...........P..♣###....##
. #PP.................♣......##
. ##.......#####........##....#
..P....P#$..#...PPP..##....##
........#.%iF@........##....#
.........#)..#S.......##.....#
#####......♣##..#...#
.......♣♣..#######
.....P......# ...........P#
......♣.....# .....P♣......#
..♣P.........#


You could see a black mamba, a spiny frog and a spriggan.

Vanquished Creatures
  A hydra (Lair:1)
  A two-headed ogre (D:9)
  Joseph (D:9)
  A spiny frog (Lair:1)
  A troll (D:10)
  Grinder (D:4)
  2 hippogriffs
  6 yaks
  A human (D:8)
  Grum (D:9)
  3 hogs (D:8)
  Duvessa (D:6)
  2 orc warriors
  A porcupine (Lair:1)
  2 black bears
  2 ogres (D:9)
  2 wolves (D:9)
  5 centaurs
  A gnoll sergeant (D:10)
  4 bullfrogs
  A wyvern zombie (D:8)
  2 scorpions
  Dowan (D:6)
  4 killer bees (D:10)
  3 wights (D:6)
  3 howler monkeys
  A crimson imp (D:5)
  3 bullfrog zombies
  A centaur zombie (D:5)
  5 hounds
  4 jellies
  Crazy Yiuf (D:4)
  A gnoll shaman (D:4)
  An orc priest (D:4)
  A bullfrog skeleton (D:8)
  3 iguanas
  4 orc wizards
  9 worker ants
  A worker ant zombie (D:7)
  7 gnolls
  6 river rats (Sewer)
  12 adders
  A shadow imp (D:8)
  An ooze (D:1)
  3 adder skeletons
  2 worms (D:3)
  A dart slug (D:3)
  8 leopard geckos
  32 orcs
  3 giant cockroaches
  8 goblins
  7 hobgoblins
  5 quokkas
  5 ball pythons
  12 bats
  7 frilled lizards
  30 kobolds
  A leopard gecko skeleton (D:5)
  27 rats
  2 fungi (D:4)
268 creatures vanquished.

Vanquished Creatures (collateral kills)
  An ogre (D:5)
1 creature vanquished.

Grand Total: 269 creatures vanquished

Notes
Turn   | Place    | Note
-------+----------+-------------------------------------------
     0 | D:1      | kae the Demonspawn Transmuter began the quest for the Orb.
     0 | D:1      | Reached XP level 1. HP: 15/15 MP: 3/3
   390 | D:1      | Gained mutation: You are slightly more attuned to the shadows. [demonic ancestry]
   390 | D:1      | Reached XP level 2. HP: 11/21 MP: 3/5
   406 | D:1      | Learned a level 2 spell: Sticks to Snakes
  1362 | D:2      | Gained mutation: You have a somewhat thin skeletal structure. (Dex +2, Stealth) [demonic ancestry]
  1362 | D:2      | Reached XP level 3. HP: 24/26 MP: 6/6
  1895 | D:2      | Found a shadowy altar of Dithmenos.
  1994 | D:2      | Gained mutation: You are partially covered in sharp spines. [demonic ancestry]
  1994 | D:2      | Reached XP level 4. HP: 28/33 MP: 5/7
  2069 | D:2      | Found an ancient bone altar of Kikubaaqudgha.
  2422 | D:3      | Noticed a phantom
  2568 | D:3      | Found a glowing drain.
  2578 | Sewer    | Entered a sewer
  2742 | Sewer    | Gained mutation: You have a moderately thin skeletal structure. (Dex +4, Stealth+) [demonic ancestry]
  2742 | Sewer    | Reached XP level 5. HP: 30/38 MP: 6/8
  3506 | D:4      | Learned a level 3 spell: Spider Form
  3516 | D:4      | Noticed Grinder
  3521 | D:4      | Paralysed by Grinder for 5 turns
  3539 | D:4      | HP: 1/39 [Grinder (6)]
  3712 | D:4      | Reached XP level 6. HP: 41/46 MP: 6/10
  3806 | D:4      | Paralysed by Grinder for 2 turns
  3815 | D:4      | Paralysed by Grinder for 4 turns
  3816 | D:4      | Killed Grinder
  4307 | D:4      | Reached XP level 7. HP: 44/52 MP: 8/11
  4598 | D:4      | Found Asaykuan's General Store.
  4623 | D:4      | Found a glowing golden altar of the Shining One.
  4729 | D:4      | Reached skill level 5 in Unarmed Combat
  5040 | D:4      | Found a runed door.
  5047 | D:4      | Noticed Crazy Yiuf
  5057 | D:4      | Killed Crazy Yiuf
  5324 | D:5      | Entered Level 5 of the Dungeon
  5536 | D:5      | Found a white marble altar of Elyvilon.
  5543 | D:5      | Found a hazy altar of Hepliaklqana.
  5546 | D:5      | Found a snail-covered altar of Cheibriados.
  5630 | D:5      | Reached skill level 5 in Transmutations
  5787 | D:5      | Gained mutation: You have sharp fingernails. [demonic ancestry]
  5787 | D:5      | Reached XP level 8. HP: 60/60 MP: 7/13
  6074 | D:5      | Found a staircase to the Ecumenical Temple.
  6224 | Temple   | Entered the Ecumenical Temple
  6433 | Temple   | Became a worshipper of Warmaster Okawaru
  7275 | D:6      | Found a shimmering altar of Xom.
  7279 | D:6      | Reached skill level 1 in Invocations
  7339 | D:6      | Found a hide-covered altar of Uskayaw.
  7400 | D:6      | Reached skill level 1 in Armour
  7603 | D:6      | Noticed Dowan
  7615 | D:6      | Noticed Duvessa
  7615 | D:6      | Killed Dowan
  7664 | D:6      | Killed Duvessa
  7664 | D:6      | Reached * piety under Okawaru
  7905 | D:6      | Found a shattered altar of Ashenzari.
  8881 | D:7      | Reached XP level 9. HP: 60/66 MP: 13/15
  9739 | D:8      | Found a burning altar of Makhleb.
  9992 | D:8      | Reached ** piety under Okawaru
 10425 | D:8      | Reached skill level 5 in Fighting
 10819 | D:9      | Noticed Joseph
 10833 | D:9      | Reached skill level 5 in Spellcasting
 10847 | D:9      | Killed Joseph
 10847 | D:9      | Reached *** piety under Okawaru
 11010 | D:9      | Gained mutation: You have very sharp fingernails. [demonic ancestry]
 11010 | D:9      | Reached XP level 10. HP: 66/74 MP: 17/17
 11014 | D:9      | Noticed Grum
 11025 | D:9      | Killed Grum
 11047 | D:9      | Found a staircase to the Orcish Mines.
 11629 | D:9      | Found a staircase to the Lair.
 11644 | D:9      | Noticed a two-headed ogre
 12171 | D:9      | Killed a two-headed ogre
 12342 | D:10     | Entered Level 10 of the Dungeon
 12352 | D:10     | Reached skill level 5 in Invocations
 12643 | D:10     | Noticed a gargoyle
 12671 | D:10     | Noticed Snorg
 12736 | D:10     | Reached **** piety under Okawaru
 12914 | D:10     | Reached skill level 1 in Shields
 13496 | Lair:1   | Entered Level 1 of the Lair of Beasts
 13527 | Lair:1   | Noticed Nergalle
 13742 | Lair:1   | Noticed a spiny frog
 13752 | Lair:1   | Killed a spiny frog
 13867 | Lair:1   | Noticed a spiny frog
 13867 | Lair:1   | Noticed a four-headed hydra
 13869 | Lair:1   | Noticed a black mamba
 13883 | Lair:1   | Killed a four-headed hydra
 13883 | Lair:1   | Reached ***** piety under Okawaru
 13883 | Lair:1   | Gained mutation: You are mostly covered in sharp spines. [demonic ancestry]
 13883 | Lair:1   | Reached XP level 11. HP: 30/81 MP: 19/19
 13891 | Lair:1   | HP: 3/121 [spiny frog (11)]
 13891 | Lair:1   | HP: 1/121 [black mamba (2)]
 13897 | Lair:1   | HP: 6/121 [black mamba (1)]
 13900 | Lair:1   | Slain by a spiny frog

Vault maps used:
D:1:      dpeg_arrival_pits, serial_bayou_pond_e, minmay_domino_4
D:2:      overflow_temple_1_default, lemuel_doored_altar, first_ration
D:3:      portal_sewer_entry_d
D:4:      old_standard_altar, serial_shops, shop, uniq_grinder,
          uniq_crazy_yiuf_cottage
D:5:      grunt_temple_overflow_open, minmay_temple_entry_trees
D:6:      nicolae_overflow_crystal_walls, old_standard_altar,
          evilmike_ruin_ashenzari, uniq_duvessa
D:8:      kennysheep_mini, grunt_livestock
D:9:      lair_entry_dummy, david_orc_2, kennysheep_generic_room_6, uniq_joseph,
          uniq_grum
D:10:     uniq_snorg
Temple:   nicolae_temple_figure_eight
Lair:1:   basic_altar, grunt_forest_large_clearing_hut, uniq_sonja,
          uniq_nergalle
Sewer:    sewer_minmay_treatment

Skill      XL: |  1  2  3  4  5  6  7  8  9 10 |
---------------+-------------------------------+-----
Transmutations | 2 3 4 5 6 7 8 |  8.1
Unarmed Combat | 3 4 5 6 7 8 |  8.4
Fighting       | 2 3 4 5 6 |  6.1
Spellcasting   | 3 4 5 |  5.8
Dodging        | 2 3 4 |  4.5
Invocations    | 2 4 5 |  5.8
Armour         | 1 3 4 |  4.0
Shields        | 1 |  1.6

Action                   |  1- 3 |  4- 6 |  7- 9 | 10-12 || total
-------------------------+-------+-------+-------+-------++-------
Melee: Unarmed           |    52 |    16 |    48 |   117 ||   233
       Headbutt          |     4 |     4 |     5 |       ||    13
       Punch             |     3 |     2 |    22 |       ||    27
       Kick              |     4 |     1 |       |       ||     5
       Short sword       |    84 |   139 |   322 |    66 ||   611
 Cast: Beastly Appendage |     7 |    11 |     4 |       ||    22
       Spider Form       |       |     3 |     5 |    12 ||    20
       Sticks to Snakes  |       |       |     6 |     2 ||     8
Invok: Heroism           |       |       |     5 |     9 ||    14
  Use: Potion            |     2 |     4 |     5 |     5 ||    16
       Scroll            |       |     7 |     2 |    17 ||    26
 Stab: Sleeping          |     4 |    11 |    20 |     3 ||    38
       Distracted        |       |     1 |     1 |       ||     2
  Eat: Chunk             |     3 |     5 |    22 |     7 ||    37
       Ration            |       |     1 |       |     1 ||     2
Armor: Robe              |    40 |    24 |    34 |       ||    98
       Skin              |       |     1 |     1 |    70 ||    72
       Leather armour    |       |       |    21 |     2 ||    23
       Troll leather arm |       |       |       |     1 ||     1
Dodge: Dodged            |   103 |    81 |   243 |   142 ||   569
Block: Buckler           |       |       |       |    29 ||    29

Table legend:
 A = Spawn XP
 B = Non-spawn XP
 C = Spawn XP percentage of total XP
 D = Spawn monster count
 E = Non-spawn monster count
 F = Spawn count percentage of total count
 G = Total turns spent on level
                    A         B        C        D         E        F      G
               +---------+---------+-------+---------+---------+-------+---------
         Total |       0 |   11157 |   0.0 |       0 |     267 |   0.0 | 13900
               +---------+---------+-------+---------+---------+-------+---------
           D:1 |       0 |      38 |   0.0 |       0 |      21 |   0.0 |  1346
           D:2 |       0 |      64 |   0.0 |       0 |      27 |   0.0 |   825
           D:3 |       0 |      69 |   0.0 |       0 |      22 |   0.0 |   812
           D:4 |       0 |     642 |   0.0 |       0 |      20 |   0.0 |  1582
           D:5 |       0 |     556 |   0.0 |       0 |      16 |   0.0 |  1296
           D:6 |       0 |     999 |   0.0 |       0 |      24 |   0.0 |  1676
           D:7 |       0 |     565 |   0.0 |       0 |      19 |   0.0 |  1091
           D:8 |       0 |    1446 |   0.0 |       0 |      20 |   0.0 |  1007
           D:9 |       0 |    2671 |   0.0 |       0 |      22 |   0.0 |  1756
          D:10 |       0 |    2135 |   0.0 |       0 |      23 |   0.0 |  1116
        Lair:1 |       0 |    1806 |   0.0 |       0 |       5 |   0.0 |   404
         Sewer |       0 |     166 |   0.0 |       0 |      48 |   0.0 |   759
               +---------+---------+-------+---------+---------+-------+---------
